 Dungeon Sprint DCSS version 0.15-a0-970-ga23ad50 (webtiles) character file.

428 MDvedh the Fighter (level 6, 0/48 HPs)
             Began as a Gargoyle Monk on May 23, 2014.
             Was a Priest of Vehumet.
             Slain by an ice beast (12 damage)
             ... in the Dungeon (Sprint IX: "|||||||||||||||||||||||||||||").
             The game lasted 00:02:33 (338 turns).

MDvedh the Fighter (Gargoyle Monk)                   Turns: 338, Time: 00:02:33

HP   0/48        AC  6     Str 15      XL: 6   Next: 98%
MP   5/19        EV 12     Int 12      God: Vehumet [***...]
Gold 0           SH  0     Dex 12      Spells:  0 memorised, 18 levels left

rFire  . . .     SeeInvis .     r - +2 cutlass (elec)
rCold  . . .     Clarity  .     a - +0 robe
rNeg   + . .     Conserve .     (no shield)
rPois  +         rCorr    .     (no helmet)
rElec  +         rRot     +     (no cloak)
SustAb .         Spirit   .     (no gloves)
rMut   .         Warding  .     (no boots)
Gourm  .         NoTele   +     (no amulet)
MR     .....                    (no ring)
                                (no ring)

@: exhausted, slowed, very slow, not resistant to hostile enchantments,
unstealthy
A: life protection 1, electricity resistance, unbreathing, petrification
resistance, AC +4
a: Renounce Religion


You were in the Dungeon.
You worshipped Vehumet.
Vehumet was most pleased with you.
You were near starving.

You visited 1 branch

Inventory:

Hand weapons
 r - a +2,+2 cutlass of electrocution (weapon)
Armour
 a - a +0 robe (worn)
 m - a +0 helmet
 n - a +0 pair of gloves
Magical devices
 l - a wand of draining (7)
Comestibles
 b - a bread ration
Scrolls
 h - 2 scrolls of blinking
 j - 3 scrolls of remove curse
 k - 2 scrolls of amnesia
Jewellery
 o - a +2 ring of protection
 p - a +3 ring of dexterity
Potions
 c - 5 potions of curing
 d - a potion of heal wounds
 e - a potion of haste
 f - 4 potions of magic
 i - a potion of invisibility
Magical staves
 q - an uncursed staff of energy


   Skills:
 + Level 10.0 Fighting
 + Level 7.0 Short Blades
 - Level 2.4 Dodging
 - Level 2.1 Stealth
 - Level 5.9 Unarmed Combat
 + Level 6.9 Spellcasting


You had 18 spell levels left.
You didn't know any spells.

Dungeon Overview and Level Annotations

Branches:
Dungeon (1/1)

Altars:
Cheibriados
Dithmenos
Elyvilon
Fedhas
Gozag
Kikubaaqudgha
Makhleb
Nemelex Xobeh
Okawaru
Qazlal
Sif Muna
Trog
Vehumet
Xom
Yredelemnul
Zin
The Shining One
Beogh
Jiyva
Lugonu


Innate Abilities, Weirdness & Mutations

You are resistant to torment.
You are immune to poison.
You are immune to rotting.
Your stone body is very resilient (AC +4).
You resist negative energy.
You are resistant to electric shocks.
You can survive without breathing.
You are immune to petrification.


Message History

Your Fighting skill increases to level 10!
Your Short Blades skill increases to level 7!
You closely miss the ice beast. The ice beast hits you.
The ice beast freezes you!
You hit the ice beast.
The ice beast is lightly wounded.
The ice beast hits you but does no damage.
You hit the ice beast.
The ice beast is moderately wounded.
The ice beast hits you but does no damage.
The ice beast hits you. The ice beast freezes you.
You hit the ice beast but do no damage.
The ice beast is moderately wounded.
The ice beast hits you but does no damage.
You hit the ice beast.
The ice beast is heavily wounded.
The ice beast hits you.
* * * LOW HITPOINT WARNING * * *
The ice beast freezes you!
You die... ▓▓▓▓▓▓▓▓▓▓▓▓▓▓▓▓▓▓▓▓▓▓ +...Y@)(..[..)...'____ ▓▓▓▓▓▓▓▓▓▓▓▓▓▓▓▓▓▓▓▓▓▓

You could see an ice beast.

Vanquished Creatures
  A hungry ghost (D)
  An ogre (D)
  A crocodile (D)
  A centaur (D)
  A worker ant (D)
  An adder (D)
  A bat skeleton (D)
  2 hobgoblins (D)
  3 bats (D)
  A giant newt (D)
  A goblin (D)
  A rat (D)
15 creatures vanquished.

Notes
Turn   | Place    | Note
--------------------------------------------------------------
     0 | D        | MDvedh, the Gargoyle Monk, began the quest for the Orb.
     0 | D        | Reached XP level 1. HP: 14/14 MP: 1/1
    16 | D        | Reached skill level 5 in Unarmed Combat
    41 | D        | Reached XP level 2. HP: 18/20 MP: 2/2
    54 | D        | Reached skill level 5 in Fighting
   247 | D        | Found a glowing silver altar of Zin.
   247 | D        | Found a glowing golden altar of the Shining One.
   247 | D        | Found an ancient bone altar of Kikubaaqudgha.
   247 | D        | Found a basalt altar of Yredelemnul.
   247 | D        | Found a shimmering altar of Xom.
   247 | D        | Found a radiant altar of Vehumet.
   247 | D        | Found an iron altar of Okawaru.
   248 | D        | Found a burning altar of Makhleb.
   249 | D        | Found a deep blue altar of Sif Muna.
   250 | D        | Found a bloodstained altar of Trog.
   251 | D        | Found a sparkling altar of Nemelex Xobeh.
   252 | D        | Found a white marble altar of Elyvilon.
   253 | D        | Found a roughly hewn altar of Beogh.
   254 | D        | Found a viscous altar of Jiyva.
   255 | D        | Became a worshipper of Vehumet
   255 | D        | Acquired Vehumet's first power
   255 | D        | Offered knowledge of Shock by Vehumet.
   256 | D        | Found a corrupted altar of Lugonu.
   257 | D        | Found a blossoming altar of Fedhas.
   258 | D        | Found a snail-covered altar of Cheibriados.
   259 | D        | Found a shadowy altar of Dithmenos.
   260 | D        | Found a stormy altar of Qazlal.
   261 | D        | Found an opulent altar of Gozag.
   303 | D        | Noticed an ice beast
   303 | D        | Noticed a centaur
   303 | D        | Noticed a worker ant
   303 | D        | Noticed an ogre
   303 | D        | Noticed a crocodile
   303 | D        | Noticed a hungry ghost
   316 | D        | Killed a hungry ghost
   316 | D        | Reached skill level 7 in Fighting
   316 | D        | Reached XP level 3. HP: 22/29 MP: 2/9
   316 | D        | Reached XP level 4. HP: 26/35 MP: 2/11
   316 | D        | Reached XP level 5. HP: 29/39 MP: 2/13
   320 | D        | Killed a crocodile
   320 | D        | Reached skill level 8 in Fighting
   320 | D        | Reached skill level 5 in Short Blades
   320 | D        | Reached skill level 5 in Spellcasting
   320 | D        | Reached XP level 6. HP: 22/45 MP: 2/18
   324 | D        | Killed an ogre
   324 | D        | Reached skill level 9 in Fighting
   325 | D        | Killed a worker ant
   325 | D        | Acquired Vehumet's second power
   333 | D        | Killed a centaur
   333 | D        | Reached skill level 10 in Fighting
   338 | D        | Slain by an ice beast

Action                   |  1- 3 |  4- 6 || total
-------------------------+-------+-------++-------
Melee: Unarmed           |    26 |       ||    26
       Cutlass           |    11 |    16 ||    27
  Use: Potion            |     1 |     2 ||     3
